 Dungeon Crawl Stone Soup version 0.29-a0-598-gd8304a5bf4 (webtiles) character file.

Game seed: 11649802366983908651

285 vineage the Skirmisher (level 6, -3/40 HPs)
             Began as a Gargoyle Fighter on June 15, 2022.
             Killed by divine providence
             ... invoked by an orc priest
              (13 damage)
             ... on level 3 of the Dungeon.
             The game lasted 00:02:48 (2953 turns).

vineage the Skirmisher (Gargoyle Fighter)           Turns: 2953, Time: 00:02:49

Health: -3/40      AC: 12    Str: 22    XL:     6   Next: 29%
Magic:  6/6        EV:  9    Int:  8    God:
Gold:   1208       SH:  0    Dex:  9    Spells: 5/5 levels left

rFire   . . .      SeeInvis .   i - +2 whip (elec)
rCold   . . .      Faith    .   c - +0 buckler
rNeg    + . .      Spirit   .   b - +0 scale mail
rPois   ∞          Reflect  .   g - +0 helmet
rElec   +          Harm     .   (no cloak)
rCorr   .          Rampage  .   (no gloves)
Will    .....                   (no boots)
Stlth   ..........              (no amulet)
HPRegen 0.13/turn               (no ring)
MPRegen 0.10/turn               (no ring)

@: confused
A: sickness immunity, AC +4, negative energy resistance 1, electricity
resistance, torment resistance 1, petrification resistance
a: no special abilities


You were on level 3 of the Dungeon.
You visited 1 branch of the dungeon, and saw 4 of its levels.

You collected 1208 gold pieces.

Inventory:

Hand Weapons
 a - a +0 flail
 i - a +2 whip of electrocution (weapon)
Armour
 b - a +0 scale mail (worn)
 c - a +0 buckler (worn)
 g - a +0 helmet (worn)
Scrolls
 f - a scroll of noise
 h - a scroll of identify
 l - a scroll of teleportation {unknown}
 m - a scroll of poison {unknown}
 o - a scroll of fog {unknown}
Potions
 d - 4 potions of might
 e - a potion of attraction {unknown}
 j - a potion of lignification {unknown}
 k - a potion of heal wounds
 n - a potion of experience {unknown}


   Skills:
 * Level 5.1 Fighting
 * Level 4.0 Maces & Flails
 + Level 4.2 Armour
 + Level 4.2 Shields


You had 5 spell levels left.
You didn't know any spells.
Your spell library contained the following spells:

 Spells                   Type           Power      Damage    Failure   Level
 Sting                    Tmut/Pois      0%         1d3       82%         1
 Poisonous Vapours        Pois/Air       0%         N/A       91%         2
 Animate Armour           Summ/Erth      0%         N/A       100%        4
 Olgreb's Toxic Radiance  Pois           0%         N/A       100%        4
 Blade Hands              Tmut           0%         N/A       100%        5
 Irradiate                Conj/Tmut      0%         3d13      100%        5
 Iron Shot                Conj/Erth      0%         9d1       100%        6
 Dragon Form              Tmut           0%         N/A       100%        7


Dungeon Overview and Level Annotations

Branches:
Dungeon (4/15)
 Temple: D:4-7

Altars:
Uskayaw

Shops:
D:1 =


Innate Abilities, Weirdness & Mutations

You are immune to sickness and miasma.
Your stone body is resilient. (AC +4)
You are immune to poison.
You resist negative energy. (rN+)
You are resistant to electric shocks. (rElec)
You are resistant to unholy torment.
You are immune to petrification.


Message History

An orc comes into view. It is wielding a +0 short sword.
The orc priest invokes the aid of Beogh against you.
Beogh smites you!
You hear a shout!
You are too injured to fight recklessly!
You are too injured to fight recklessly!
You are too injured to fight recklessly!
You are too injured to fight recklessly!
You are too injured to fight recklessly!
You are too injured to fight recklessly!
You are too injured to fight recklessly!
You are too injured to fight recklessly!
You are too injured to fight recklessly!
You are too injured to fight recklessly!
You are too injured to fight recklessly!
You are too injured to fight recklessly!
You are too injured to fight recklessly!
You are too injured to fight recklessly!
The orc priest attacks as you move away!
The orc priest closely misses you.
An orc comes into view. It is wielding a +0 dagger.
The orc shouts!
The orc wizard gestures at you while chanting.
You are confused.
The orc priest hits you with a +0 whip.
* * * LOW HITPOINT WARNING * * *
The kobold hits you but does no damage.
The orc wizard casts a spell.
The orc wizard flickers and vanishes!
Deactivating autopickup; reactivate with Ctrl-A.
Something hits you but does no damage.
An orc comes into view. It is wielding a +0 flail of draining.
The orc shouts!
The orc barely misses you. The orc priest hits you with a +0 whip.
* * * LOW HITPOINT WARNING * * *
The kobold throws a stone.
The stone hits you but does no damage.
You barely miss the orc. The orc hits you but does no damage.
The orc priest invokes the aid of Beogh against you.
Beogh smites you!
You die...

#......#### #..# #.#
#.#######..###.#####.##
#.#.....#..............
#.#.≈≈≈.#......#.....#
###...≈.+.....)).###.#
##._.≈.+.......##[#.#
##...≈.+.......#.##.#
##.≈≈≈.###......##..#
#.....# #..##.@ooo.#
####### #.##.#{o.#.#
####### #.#[##K.##
#.###...# ...#.#
..###.# #.# #.. #. ...
# .#..


You could see an orc priest, 3 orcs and a kobold.

Vanquished Creatures
  A jelly (D:4)
  Jessica (D:3)
  Natasha (thrice) (D:2)
  9 adders
  2 worms (D:2)
  9 orcs
  5 ball pythons
  5 bats
  4 endoplasms
  3 giant cockroaches
  3 goblins
  7 hobgoblins
  4 kobolds
  3 quokkas
  3 frilled lizards
  3 rats
65 creatures vanquished.

Notes
Turn   | Place    | Note
-------+----------+-------------------------------------------
     0 | D:1      | vineage the Gargoyle Fighter began the quest for the Orb.
     0 | D:1      | Reached XP level 1. HP: 14/14 MP: 1/1
   122 | D:1      | Reached XP level 2. HP: 15/19 MP: 2/2
   516 | D:1      | Found Joameg's Jewellery Emporium.
   731 | D:2      | Reached XP level 3. HP: 11/24 MP: 3/3
   925 | D:2      | Noticed Natasha
   943 | D:2      | Killed Natasha
   944 | D:2      | Reached skill level 4 in Fighting
   944 | D:2      | Reached XP level 4. HP: 12/29 MP: 4/4
  1143 | D:2      | Found a faded altar of an unknown god.
  1502 | D:2      | Noticed Natasha
  1516 | D:2      | Killed Natasha
  1517 | D:2      | Reached XP level 5. HP: 6/34 MP: 5/5
  1971 | D:2      | Noticed Natasha
  1981 | D:2      | Killed Natasha
  2475 | D:2      | Identified a scroll of acquirement
  2475 | D:2      | Acquired 1087 gold pieces
  2550 | D:3      | Noticed Jessica
  2556 | D:3      | Killed Jessica
  2614 | D:3      | You fall into a shaft and drop 1 floor!
  2668 | D:4      | Reached skill level 5 in Fighting
  2668 | D:4      | Reached XP level 6. HP: 36/40 MP: 6/6
  2888 | D:3      | Found a hide-covered altar of Uskayaw.
  2953 | D:3      | Killed from afar by an orc priest

Illustrated notes

Levels and vault maps discovered:
D:1:      amcnicky_arrival_feature_with_door, layout_rooms, serial_shops,
          nicolae_shop_behind_doors, serial_park_tiny_pond,
          hangedman_glass_teeth, hangedman_decor_push
D:2:      layout_basic, ebering_ecumenical_altar_rust, uniq_natasha
D:3:      layout_basic, mainiacjoe_overflow_alcove_4, minmay_tree_intersection,
          minmay_bisected, uniq_jessica
D:4:      layout_cave_pods, okawaru_gym_becter

Skill      XL: |  1  2  3  4  5  6 |
---------------+-------------------+-----
Fighting       | 4 5 |  5.1
Maces & Flails | 3 4 |  4.0
Armour         | 4 |  4.2
Shields        | 4 |  4.2

Action                   |  1- 3 |  4- 6 || total
-------------------------+-------+-------++-------
Melee: Flail             |    70 |    85 ||   155
       Whip              |       |    62 ||    62
  Use: Scroll            |     1 |     4 ||     5
       Potion            |     2 |       ||     2
Armor: Scale mail        |    47 |    65 ||   112
Dodge: Dodged            |    46 |    49 ||    95
Block: Buckler           |    14 |    28 ||    42

Table legend: (Time is in decaauts)
 A = Elapsed time spent in this place.
 B = Non-inter-level travel time spent in this place.
 C = Inter-level travel time spent in this place.
 D = Time resting spent in this place.
 E = Time spent auto-exploring this place.
 F = Levels seen in this place.
 G = Mean time per level.
                   A        B        C        D        E       F      G
               +--------+--------+--------+--------+--------+-----+--------+
         Total |   2999 |   2941 |     58 |    355 |   2090 |   4 |  749.8 |
       Dungeon |   2999 |   2941 |     58 |    355 |   2090 |   4 |  749.8 |
               +--------+--------+--------+--------+--------+-----+--------+

Top non-repeatable levels by time:
     D:2: 1863 daAuts
     D:1: 685 daAuts
     D:3: 331 daAuts
     D:4: 119 daAuts
